 Dungeon Crawl Stone Soup version 0.17-a0-1393-gcb420ff (webtiles) character file.

32 Medar the Ruffian (level 3, -11/31 HPs)
             Began as a Troll Earth Elementalist on June 16, 2015.
             Was an Initiate of Okawaru.
             Mangled by Sigmund
             ... wielding a +3 scythe of venom
              (14 damage)
             ... on level 3 of the Dungeon.
             The game lasted 00:03:32 (869 turns).

Medar the Ruffian (Troll Earth Elementalist)         Turns: 869, Time: 00:03:33

Health: -11/31     AC:  5    Str: 16    XL:     3   Next: 8%
Magic:  3/3        EV:  9    Int: 12    God:    Okawaru [......]
Gold:   37         SH:  0    Dex: 10    Spells: 1 memorised, 3 levels left

rFire  . . .     SeeInvis .       - Unarmed
rCold  . . .     Clarity  .     b - +0 robe
rNeg   . . .     SustAt   +     (no shield)
rPois  .         Gourm    +     (helmet restricted)
rElec  .         Spirit   .     (no cloak)
rCorr  .         Warding  .     (gloves unavailable)
rMut   .         Stasis   .     (boots unavailable)
MR     .....                    (no amulet)
Stlth  +.........               (no ring)
                                j - ring of sustain attributes

@: lethally poisoned (-11 -> -28), not resistant to hostile enchantments, very
unstealthy
A: unfitting armour, claws 3, fast metabolism 3, gourmand, regeneration 2,
shaggy fur 1, tough skin 2
a: Renounce Religion


You were on level 3 of the Dungeon.
You worshipped Okawaru.
Okawaru was noncommittal.
You were very full.

You visited 1 branch of the dungeon, and saw 3 of its levels.

You collected 37 gold pieces.

Inventory:

Missiles
 a - 50 stones (quivered)
 f - 7 tomahawks
Armour
 b - a +0 robe (worn)
Jewellery
 j - a ring of sustain attributes (left claw)
Scrolls
 e - a scroll of magic mapping
 g - a scroll of remove curse {unknown}
 h - 2 scrolls of identify {@r2}
 i - a scroll of enchant armour {unknown}
 k - a scroll of recharging {unknown}
 l - a scroll of fog {unknown}
Books
 c - a book of Geomancy

   Spells                             Type                      Level
   a - Sandblast                      Earth                        1
   b - Stoneskin                      Transmutation/Earth          2
   c - Passwall                       Transmutation/Earth          3
   d - Stone Arrow                    Conjuration/Earth            3
   e - Petrify                        Transmutation/Earth          4
   f - Lee's Rapid Deconstruction     Earth                        5
Comestibles
 d - 4 bread rations {@e1}
 m - 9 chunks of flesh
 n - a royal jelly


   Skills:
 - Level 1.5 Dodging
 - Level 1.1 Stealth
 + Level 2.8 Unarmed Combat
 - Level 1.2 Spellcasting
   Level 0.6 Transmutations
 - Level 2.6 Earth Magic


You had 3 spell levels left.
You knew the following spells:

 Your Spells              Type           Power        Failure   Level  Hunger
x - Sandblast             Erth           #.....       12%         1    ##.....


Dungeon Overview and Level Annotations

Branches:
Dungeon (3/15)

Altars:
Dithmenos
Fedhas
Gozag
Okawaru
Yredelemnul

Annotations:
D:3 Sigmund


Innate Abilities, Weirdness & Mutations

You are too large for most types of armour.
You have claws for hands.
Your metabolism is lightning-fast.
You like to eat raw meat.
You heal very quickly.
You are covered in fur (AC +1).
You have very tough skin (AC +2).


Message History

Sigmund hits you with a scythe of venom!
You are more poisoned.
You closely miss Sigmund.
Sigmund is severely wounded.
You feel sick.
You aren't carrying any potions.
You barely miss Sigmund.
Sigmund is severely wounded.
* * * LOW HITPOINT WARNING * * *
You feel sick.
Sigmund hits you with a scythe of venom.
* * * LOW HITPOINT WARNING * * *
You are more poisoned.
Some of the chunks of flesh in your inventory have rotted away.
You claw Sigmund!
Sigmund is almost dead.
* * * LOW HITPOINT WARNING * * *
You feel sick.
Sigmund hits you with a scythe of venom!
You die...

..# #..# #......#
..# ##.##
##....### ≈.#
#..###.......#
≈≈#
##.##..#.###..#
P≈≈# #..#.##.#
..# ≈≈♣#
##.#.##.## .# ≈≈♣
#...##..### # ≈≈♣
##).###.@.## ≈≈♣
............@#..#
≈≈.
###..........##.#
#......)...##.#
#..........##.#
#..........##.@
#.....[....####.
###.######## @# .
.(


You could see Sigmund (bleeding).

Vanquished Creatures
  A worm (D:2)
  An orc (D:3)
  A ball python (D:1)
  2 giant cockroaches
  4 goblins
  3 hobgoblins
  3 jackals (D:2)
  A quokka (D:2)
  4 bats
  3 kobolds
  3 rats
26 creatures vanquished.

Notes
Turn   | Place    | Note
--------------------------------------------------------------
     0 | D:1      | Medar the Troll Earth Elementalist began the quest for the Orb.
     0 | D:1      | Reached XP level 1. HP: 16/16 MP: 1/1
    65 | D:1      | Reached skill level 1 in Unarmed Combat
   191 | D:1      | Reached XP level 2. HP: 24/24 MP: 2/2
   674 | D:2      | Found an iron altar of Okawaru.
   675 | D:2      | Found a basalt altar of Yredelemnul.
   679 | D:2      | Became a worshipper of Warmaster Okawaru
   787 | D:3      | Reached XP level 3. HP: 31/31 MP: 3/3
   795 | D:3      | Found an opulent altar of Gozag.
   795 | D:3      | Found a blossoming altar of Fedhas.
   797 | D:3      | Found a shadowy altar of Dithmenos.
   854 | D:3      | Noticed Sigmund
   869 | D:3      | Mangled by Sigmund

Vault maps used:
D:1:      scummos_arrival_simple_fountains
D:2:      kennysheep_goblin_castle, gammafunk_temple_overflow_statue,
          okawaru_metal_pillars_3, uniq_robin, uniq_iyjb
D:3:      gammafunk_temple_overflow_forgotten, serial_bayou_lagoon_b,
          uniq_sigmund

Action                   || total
-------------------------++-------
Melee: Unarmed           ||   101
 Cast: Sandblast         ||     2
  Use: Scroll            ||     1
 Stab: Sleeping          ||     2
  Eat: Chunk             ||    13
